 Dungeon Crawl Stone Soup version 0.26.0-10-g1f06aea511 (webtiles) character file.

Game seed: 5731764376266986653

221 inc the Scratcher (level 5, -4/21 HPs)
             Began as a Felid Enchanter on Jan 30, 2021.
             Was a Believer of Uskayaw.
             Slain by a phantom (10 damage)
             ... on level 5 of the Dungeon.
             The game lasted 00:10:54 (7637 turns).

inc the Scratcher (Felid Enchanter)                 Turns: 7637, Time: 00:10:55

Health: -4/21      AC:  2    Str:  4    XL:     5   Next: 65%
Magic:  7/9        EV: 18    Int: 17    God:    Uskayaw [**....]
Gold:   49         SH:  0    Dex: 18    Spells: 2/8 levels left
                                        Lives:  0   Deaths: 2

rFire    . . .     SeeInvis +     - Unarmed
rCold    . . .     Faith    .   (shield unavailable)
rNeg     . . .     Spirit   .   (armour unavailable)
rPois    .         Reflect  .   (helmet unavailable)
rElec    .         Harm     .   (cloak unavailable)
rCorr    .         Rampage  .   (gloves unavailable)
Will     .....                  (boots unavailable)
Stlth    +++.......             n - amulet of regeneration
HPRegen  0.47/turn              (no ring)
MPRegen  0.11/turn              (no ring)

@: quick
A: very small, no armour, no weapons or thrown items, stealth, claws 1, fangs 3,
see invisible, speed 1, shaggy fur 2, sharp paws
a: Renounce Religion, Stomp, Line Pass


You were on level 5 of the Dungeon.
You worshipped Uskayaw.
Uskayaw was noncommittal.
You visited 2 branches of the dungeon, and saw 6 of its levels.
You also visited: Ossuary.

You collected 154 gold pieces.
You spent 105 gold pieces at shops.

Inventory:

Jewellery
 i - an uncursed ring of teleportation
 n - an amulet of regeneration (around neck)
Wands
 e - a wand of polymorph (5)
 h - a wand of flame (7)
Scrolls
 c - 3 scrolls of enchant weapon
 d - 2 scrolls of teleportation
 f - a scroll of random uselessness {unknown}
 m - a scroll of blinking
Potions
 a - a potion of flight
 b - a potion of lignification {unknown}
 g - 2 potions of curing
 j - a potion of magic
 k - a potion of berserk rage {unknown}
 l - a potion of brilliance


   Skills:
 - Level 2.6 Dodging
 - Level 4.0 Stealth
 - Level 7.6 Unarmed Combat
 - Level 2.0 Spellcasting
 + Level 6.1 Hexes
 - Level 1.0 Ice Magic


You had 2 spell levels left.
You knew the following spells:

 Your Spells              Type           Power        Failure   Level
a - Corona                Hex            24%          1%          1
b - Ensorcelled Hibernat  Hex/Ice        26%          7%          2
c - Confusing Touch       Hex            22%          4%          3

Your spell library contained the following spells:

 Spells                   Type           Power        Failure   Level
 Tukima's Dance           Hex            22%          4%          3
 Dazzling Flash           Conj/Hex       24%          17%         3


Dungeon Overview and Level Annotations

Branches:
Dungeon (5/15)             Temple (1/1) D:4         Ossuary (visited)

Altars:
Dithmenos
Fedhas
Kikubaaqudgha
Qazlal
Sif Muna
Trog
Uskayaw
Vehumet
Yredelemnul
Zin
The Shining One

Shops:
D:4 ?


Innate Abilities, Weirdness & Mutations

You cannot wear armour.
You are incapable of wielding weapons or throwing items.
Your paws allow you to move quietly. (Stealth)
You have sharp claws.
You have razor-sharp teeth.
You have supernaturally acute eyesight. (SInv)
You cover ground quickly.
You are covered in thick fur. (AC +2)
Your sharp claws are effective at attacking unaware monsters.


Message History

You kill the white imp!
The phantom completely misses you.
You completely miss the phantom. The phantom hits you.
You scratch the phantom.
The phantom is lightly damaged.
The phantom closely misses you.
You can now pass through a line of other dancers.
You closely miss the phantom.
The phantom is lightly damaged.
The phantom misses you.
You miss the phantom. Your claw misses the phantom.
The phantom is lightly damaged.
The phantom hits you!
* * * LOW HITPOINT WARNING * * *
You closely miss the phantom.
The phantom is lightly damaged.
You scratch the phantom. Your bite misses the phantom.
The phantom is moderately damaged.
The phantom hits you!
You die...

########### #.........#
#.........# #.....[...#
#.........# #.........# #.....
#.########.........# #..!..
#....>........W@...+ ......
##.###.####....$....# #.....
..........#.........########.....
########..#####............#.....
#....##.......#............#.....
#._≈....⌠..#...............#.....
#...≈......#..#(.................
#...≈≈≈....#..<..#######+##..####
#..≈≈≈≈...[.....# #......


You could see a phantom.

Vanquished Creatures
  Duvessa (D:4)
  Dowan (D:4)
  2 howler monkeys (D:4)
  4 orc wizards
  A hound (D:4)
  A worker ant (D:5)
  A hound skeleton (D:4)
  3 mummies
  A worker ant zombie (D:5)
  3 gnolls (D:3)
  8 adders
  A white imp (D:5)
  An ufetubus (D:5)
  An ooze (D:2)
  6 worms
  3 dart slugs
  2 leopard geckos
  19 orcs
  A ball python (D:1)
  5 giant cockroaches
  13 goblins
  8 hobgoblins
  9 jackals
  2 quokkas
  17 bats
  8 frilled lizards
  3 kobolds (D:1)
  A leopard gecko skeleton (D:4)
  2 orc zombies
  8 rats
136 creatures vanquished.

Notes
Turn   | Place    | Note
-------+----------+-------------------------------------------
     0 | D:1      | inc the Felid Enchanter began the quest for the Orb.
     0 | D:1      | Reached XP level 1. HP: 7/7 MP: 4/4
   416 | D:1      | Reached skill level 2 in Unarmed Combat
   709 | D:1      | Reached XP level 2. HP: 11/11 MP: 6/6
   731 | D:1      | Learned a level 2 spell: Ensorcelled Hibernation
  1704 | D:1      | Reached skill level 3 in Unarmed Combat
  1715 | D:1      | Reached XP level 3. HP: 14/14 MP: 7/7
  2237 | D:2      | Found a shimmering blue altar of Sif Muna.
  2356 | D:2      | Reached XP level 4. HP: 18/18 MP: 5/8
  2398 | D:2      | Reached skill level 4 in Unarmed Combat
  3893 | D:3      | Reached XP level 5. HP: 19/21 MP: 4/9
  3945 | D:3      | Reached skill level 5 in Unarmed Combat
  5897 | D:2      | Reached skill level 6 in Unarmed Combat
  6339 | D:4      | Found Jihy's Magic Scroll Shoppe.
  6353 | D:4      | Bought a scroll of blinking for 105 gold pieces
  6507 | D:4      | Noticed an ogre
  6696 | D:4      | Gained mutation: You are covered in thick fur. (AC +2)
                  | [Felid growth]
  6696 | D:4      | Reached XP level 6. HP: 23/24 MP: 3/10
  6733 | D:4      | Noticed Duvessa
  6738 | D:4      | Noticed Dowan
  6885 | D:4      | Killed Duvessa
  6930 | D:4      | Killed Dowan
  6931 | D:4      | Reached skill level 7 in Unarmed Combat
  7118 | D:4      | Reached XP level 7. HP: 27/27 MP: 8/11
  7241 | D:4      | Found a staircase to the Ecumenical Temple.
  7296 | D:5      | Entered Level 5 of the Dungeon
  7307 | D:5      | Found an ancient bone altar of Kikubaaqudgha.
  7359 | Temple   | Entered the Ecumenical Temple
  7384 | Temple   | Became a worshipper of Uskayaw the Reveller
  7437 | D:5      | Reached * piety under Uskayaw
  7458 | D:5      | Found a sand-covered staircase.
  7461 | D:5      | Reached ** piety under Uskayaw
  7462 | D:5      | Reached skill level 1 in Ice Magic
  7465 | Ossuary  | Entered an ossuary
  7470 | Ossuary  | Learned a level 3 spell: Confusing Touch
  7533 | Ossuary  | Reached skill level 5 in Hexes
  7538 | D:5      | HP: 1/27 [mummy (11)]
  7543 | D:5      | Killed from afar by an orc priest
  7544 | D:5      | Reached XP level 6. HP: -7/24 MP: 9/10
  7583 | D:5      | Reached *** piety under Uskayaw
  7590 | D:5      | Killed from afar by an orc priest
  7591 | D:5      | Reached XP level 5. HP: -3/21 MP: 6/9
  7618 | D:5      | Noticed a phantom
  7637 | D:5      | Slain by a phantom

Illustrated notes

Levels and vault maps discovered:
D:1:      evilmike_arrival_fibonacci_small, layout_basic, minmay_tall_x
D:2:      layout_loops_corners, marbit_many_paths
D:3:      layout_loops_ring, minmay_bisected
D:4:      layout_basic, minmay_temple_entry_grid, serial_shops, shop,
          corexii_hall_statues_l, uniq_duvessa
D:5:      layout_basic, kiku_gazebo_pond_becter, lemuel_round_altar,
          nicolae_ossuary_entry_giza, minivault_25
Temple:   regret_index_temple_mists

Skill      XL: |  1  2  3  4  5  6  7 |
---------------+----------------------+-----
Unarmed Combat | 2 3 4 6 7 |  7.6
Ice Magic      | 1 |  1.0
Hexes          | 6 5 |  6.1
Dodging        | |  2.6
Stealth        | |  4.0
Spellcasting   | |  2.0

Action                   |  1- 3 |  4- 6 |  7- 9 || total
-------------------------+-------+-------+-------++-------
Melee: Unarmed           |   130 |   152 |    31 ||   313
       Bite              |     8 |    13 |     1 ||    22
       Punch             |     2 |     2 |       ||     4
 Cast: Corona            |     4 |       |       ||     4
       Ensorcelled Hiber |     6 |    84 |     8 ||    98
       Confusing Touch   |       |     1 |     1 ||     2
  Use: Potion            |       |     2 |     1 ||     3
       Scroll            |       |     4 |     1 ||     5
 Stab: Sleeping          |    14 |    57 |     7 ||    78
       Distracted        |     1 |     1 |       ||     2
       Confused          |       |     1 |     1 ||     2
       Paralysed         |       |     1 |       ||     1
Armor: Skin              |    14 |     9 |     2 ||    25
Dodge: Dodged            |   101 |   122 |    13 ||   236
